 Dungeon Crawl Stone Soup version 0.30.1-3-gfc49f6343a (webtiles) character file.

Game seed: 1161712355118786233

2956 croobank the Nimble (level 9, -14/68 HPs)
             Began as an Octopode Monk on July 20, 2023.
             Was a Follower of Ashenzari.
             Demolished by Erica
             ... wielding a +2 scimitar of flaming
              (15 damage)
             ... on level 8 of the Dungeon.
             The game lasted 00:20:27 (8177 turns).

croobank the Nimble (Octopode Monk)                 Turns: 8177, Time: 00:20:28

Health: -14/68     AC:  1    Str: 10    XL:     9   Next: 81%
Magic:  9/9        EV: 17    Int: 21    God:    Ashenzari [*.....]
Gold:   165        SH:  0    Dex: 14    Spells: 8/8 levels left

rFire   . . .        a - +8 long sword of the Prophetic Regret {holy, Self, Comp} (curse)
rCold   . . .        (no shield)
rNeg    . . .        w - +0 hat "Tethered Negation" {Int+4 Slay+4, Melee, Elem} (curse)
rPois   .            (no amulet)
rElec   .            (no ring)
rCorr   .            (no ring)
SInv    .            (no ring)
Will    .....        (no ring)
Stlth   ++           (no ring)
HPRegen 0.31/turn    (no ring)
MPRegen 0.11/turn    (no ring)
                     (no ring)

%: no passive effects
@: lethally poisoned (-14 -> -21), slowed, very slow
A: almost no armour, amphibious, 8 rings, camouflage 1, gelatinous body 1,
(nimble swimmer 1), tentacles
a: Renounce Religion, Shatter the Chains


You were on level 8 of the Dungeon.
You worshipped Ashenzari.
Ashenzari was aware of your devotion.
You visited 1 branch of the dungeon, and saw 8 of its levels.

You collected 328 gold pieces.
You spent 163 gold pieces at shops.

Inventory:

Hand Weapons
 a - the cursed +8 long sword of the Prophetic Regret (weapon) {holy, Self, Comp}
   (You took it off Blork the orc on level 5 of the Dungeon)

   It has a curse which improves the following skills: Introspection: Fighting
   and Spellcasting.
   Companions: Summonings and Necromancy.
 b - a -2 hand crossbow
 g - a +3 short sword of venom
 i - a +3 falchion of electrocution
Missiles
 z - 8 poisoned darts (quivered)
 F - 2 silver boomerangs
Armour
 c - an orb of light
 w - the cursed +0 hat "Tethered Negation" (worn) {Int+4 Slay+4, Melee, Elem}
   (You acquired it on level 3 of the Dungeon)

   Int:       It affects your intelligence (+4).
   Slay:      It affects your accuracy & damage with ranged weapons and melee
   (+4).
   It has a curse which improves the following skills: Melee Combat: Short
   Blades, Long Blades, Axes, Maces & Flails, Polearms, Staves and Unarmed
   Combat.
   Elements:  Fire Magic, Ice Magic, Air Magic and Earth Magic.
Jewellery
 t - a ring of fire
 v - a ring of ice
Wands
 m - a wand of mindburst (7)
 y - a wand of paralysis (3)
Scrolls
 e - 5 scrolls of identify
 h - 2 scrolls of magic mapping
 k - 2 scrolls of vulnerability
 o - a scroll of poison
 r - a scroll of amnesia
 s - 7 scrolls of teleportation
 u - a scroll of fear
 x - a scroll of blinking
 A - a scroll of immolation
 D - a scroll of enchant armour
Potions
 d - 3 potions of curing
 f - 2 potions of heal wounds
 j - 2 potions of haste
 l - 3 potions of might
 p - a potion of cancellation
 q - 2 potions of attraction
 B - a potion of flight
 C - a potion of invisibility
 E - a potion of mutation


   Skills:
 + Level 8.2(9.1) Fighting
 - Level 6.8(8.2) Short Blades
 + Level 4.3(6.7) Long Blades
 + Level 8.3 Dodging


You had 8 spell levels left.
You didn't know any spells.
Your spell library contained the following spells:

 Spells                   Type           Power      Damage    Failure   Level
 Portal Projectile        Hex/Tloc       0%         N/A       47%         3
 Tukima's Dance           Hex            0%         N/A       47%         3
 Vhi's Electric Charge    Tloc/Air       0%         N/A       47%         3
 Animate Dead             Necr           0%         N/A       86%         4
 Arcjolt                  Conj/Air       0%         1d10      99%         5
 Blade Hands              Tmut           0%         N/A       99%         5
 Plasma Beam              Fire/Air       0%         2x1d11    100%        6
 Haunt                    Necr/Summ      0%         N/A       100%        7
 Infestation              Necr           0%         N/A       100%        8


Dungeon Overview and Level Annotations

Branches:
Dungeon (8/15)             Temple (0/1) D:5
   Lair: D:8-11

Altars:
Ashenzari
Fedhas
Hepliaklqana
Makhleb
Qazlal
Ru
Zin
The Shining One

Shops:
D:4 ?   D:5 *   D:6 =

Annotations:
D:7 2 transporters, thetitan555's ghost, novice MiBe
D:8 Erica


Innate Abilities, Weirdness & Mutations

You cannot wear most types of armour.
You are amphibious.
You can wear up to eight rings at the same time.
Your skin changes colour to match your surroundings (Stealth+).
Your rubbery body absorbs attacks. (AC +1, EV +1)
((You are camouflaged when in or above water. (Stealth+)))
You have tentacles for arms and can constrict up to eight enemies at once.


Message History

A kobold comes into view. It is wielding a +0 short sword.
A kobold brigand comes into view.
It is wielding a +0 whip and quivering poisoned darts.
Erica the Fiery-Tempered comes into view.
She is wielding a +2 scimitar of flaming, wearing a +2 robe of willpower and carrying a wand of iceblast (7).
You hear a shout!
A kobold comes into view. It is wielding a +0 whip.
Aiming: Paralyse
Press: ? - help, Shift-Dir - straight line, f - Erica
Aim: Erica, wielding a +2 scimitar of flaming, wearing a +2 robe of willpower and carrying a wand of iceblast (7) (chance to affect: 1%) Erica resists with almost no effort.
The kobold shouts!
The kobold misses you.
Aiming: Mindburst
Press: ? - help, Shift-Dir - straight line, f/p - Erica
Aim: Erica, wielding a +2 scimitar of flaming, wearing a +2 robe of willpower and carrying a wand of iceblast (7) (chance to affect: 6%)
The kobold's mind is blasted!!
You blow up the kobold!
Erica gestures wildly while chanting.
Erica flickers and vanishes!
Deactivating autopickup; reactivate with Ctrl-A.
You closely miss the kobold. You grab the kobold. You squeeze the kobold.
You kill the kobold!
The kobold throws a stone.
The stone hits you.
The kobold throws a stone.
The stone misses you.
You barely miss something.
You hear some strange, mumbled words.
A lance of force appears from out of thin air!
The lance of force hits you!!
You are knocked back by the lance of force.
You slam into the rock wall!
The kobold throws a stone.
You feel yourself slow down.
You hear some strange, mumbled words.
A bolt of poison appears from out of thin air!
The bolt of poison hits you!!
You are poisoned.
* * * LOW HITPOINT WARNING * * *
You hit something.
* * * LOW HITPOINT WARNING * * *
You feel very sick.
The kobold throws a stone.
The stone barely misses you. Something hits you!
You die...

#.# #.# .
#.# .. #.#
... #.# ....
#.# ....K
#.#
....KK####.#
.....KK{@..#
.....K######
#####


You could see a kobold brigand and 4 kobolds.

Vanquished Creatures
  Eustachio (D:5)
  A wyvern (D:5)
  A wraith (D:7)
  Edmund (D:4)
  2 water moccasins
  2 orc warriors
  2 ice beasts (D:7)
  A black bear (D:6)
  An ogre (D:4)
  A centaur (D:6)
  2 phantoms
  Blork the orc (D:5)
  A bullfrog (D:6)
  3 scorpions
  3 wights (D:8)
  2 hounds (D:5)
  3 jellies
  5 orc priests
  A gnoll bouda (D:7)
  4 iguanas
  7 orc wizards
  A sleepcap (D:6)
  13 gnolls (D:7)
  8 adders
  2 shadow imps
  A white imp (D:7)
  An ufetubus (D:4)
  3 worms
  5 dart slugs
  23 orcs
  7 endoplasms
  3 giant cockroaches
  8 goblins
  6 hobgoblins
  6 jackals (D:4)
  6 quokkas
  4 ball pythons
  8 bats
  4 frilled lizards
  8 kobolds
  5 rats
167 creatures vanquished.

Vanquished Creatures (others)
  A sleepcap (D:5)
1 creature vanquished.

Grand Total: 168 creatures vanquished

Notes
Turn   | Place    | Note
-------+----------+-------------------------------------------
     0 | D:1      | croobank the Octopode Monk began the quest for the Orb.
     0 | D:1      | Reached XP level 1. HP: 16/16 MP: 1/1
   228 | D:1      | Reached XP level 2. HP: 17/21 MP: 2/2
   546 | D:1      | Reached XP level 3. HP: 26/26 MP: 3/3
  1360 | D:2      | Reached XP level 4. HP: 30/32 MP: 4/4
  1777 | D:3      | Found a faded altar of an unknown god.
  1787 | D:3      | Prayed at the altar of an unknown god.
  1787 | D:3      | Became a worshipper of Ashenzari the Shackled
  2157 | D:3      | Reached XP level 5. HP: 14/37 MP: 5/5
  2411 | D:3      | Identified a scroll of acquirement
  2411 | D:3      | Acquired the +0 hat of Lirilyis {Int+4 Slay+4}
  2900 | D:4      | Reached XP level 6. HP: 5/44 MP: 6/6
  3062 | D:4      | Found Ronn's Magic Scroll Shoppe.
  3071 | D:4      | Bought a scroll of identify for 24 gold pieces
  3071 | D:4      | Bought a scroll of butterflies for 48 gold pieces
  3071 | D:4      | Bought a scroll of enchant weapon for 90 gold pieces
  3130 | D:4      | Reached * piety under Ashenzari
  3352 | D:4      | Found a burning altar of Makhleb.
  3352 | D:4      | Noticed a green death
  3353 | D:4      | Found a glowing silver altar of Zin.
  3354 | D:4      | Noticed an angel
  3461 | D:4      | Reached skill level 5 in Fighting
  3461 | D:4      | Reached skill level 5 in Short Blades
  3461 | D:4      | Reached skill level 5 in Dodging
  3461 | D:4      | Reached XP level 7. HP: 31/50 MP: 7/7
  3637 | D:4      | Noticed Edmund
  3657 | D:4      | Killed Edmund
  3781 | D:4      | Identified the +2 robe "Ivewoeno" {rElec rF- Str+6 Dex-5}
  4013 | D:5      | Entered Level 5 of the Dungeon
  4134 | D:5      | Found a glowing golden altar of the Shining One.
  4144 | D:5      | Noticed Blork the orc
  4162 | D:5      | Killed Blork the orc
  4289 | D:5      | Noticed a wyvern
  4308 | D:5      | Killed a wyvern
  4309 | D:5      | Reached XP level 8. HP: 4/57 MP: 8/8
  4608 | D:5      | Noticed Eustachio
  4618 | D:5      | Killed Eustachio
  4691 | D:5      | Found a hazy altar of Hepliaklqana.
  4940 | D:5      | Found Dumepp's Lightly-Used Armoury.
  4947 | D:5      | Bought a -2 hand crossbow for 1 gold piece
  5000 | D:5      | Found a staircase to the Ecumenical Temple.
  5458 | D:6      | Found a sacrificial altar of Ru.
  5693 | D:6      | Reached skill level 1 in Long Blades
  5700 | D:6      | Reached XP level 9. HP: 35/64 MP: 9/9
  5835 | D:6      | Found Abeghubuef's Jewellery Emporium.
  5908 | D:6      | Found a blossoming altar of Fedhas.
  6787 | D:7      | Found a transporter.
  6788 | D:7      | Noticed thetitan555's ghost (novice MiBe)
  6790 | D:7      | Noticed a manticore
  6805 | D:7      | Noticed a cyclops
  6891 | D:7      | Found a transporter.
  7703 | D:7      | Found a stormy altar of Qazlal.
  7867 | D:8      | HP: 2/68 [poisoned by an orc]
  8165 | D:8      | Noticed Erica
  8177 | D:8      | HP: 1/68 [poisoned by Erica (bolt of poison)]
  8177 | D:8      | Demolished by Erica

Illustrated notes

Levels and vault maps discovered:
D:1:      erik_arrival_blinker_ship, layout_loops_cross
D:2:      layout_loops_ring, nicolae_hexahallways
D:3:      layout_loops_cross, chequers_ecumenical_altar_simple_redux
D:4:      layout_basic, grunt_temple_overflow_order_and_chaos_2, serial_shops,
          nicolae_shop_advertising_works [nicolae_subvault_shop_adworks],
          st_stairs_8, uniq_edmund
D:5:      layout_loops_ring, nicolae_overflow_crystal_walls,
          nicolae_tso_carved_into_rock, minmay_temple_entry_fiery,
          chequers_serial_rivers_micro_a, chequers_serial_rivers_room_a,
          minmay_shop_damaged, nicolae_concentric_dashed_squares_mild,
          nicolae_zen_rock_garden, lemuel_flame_loot_1, uniq_blork_the_orc,
          uniq_eustachio
D:6:      layout_basic, mainiacjoe_overflow_surrounded_room, kennysheep_mini,
          serial_shops, nicolae_shop_trees
D:7:      layout_basic, nicolae_overflow_hidden_temple, gammafunk_ghost_arena
D:8:      layout_basic, david_lair_shrubbed, minmay_fire_ice_demons, uniq_erica,
          uniq_psyche

Skill      XL: |  1  2  3  4  5  6  7  8  9 |
---------------+----------------------------+-----
Fighting       | 4 5 7 8 |  8.2
Short Blades   | 4 5 6 |  6.8
Dodging        | 4 5 6 7 8 |  8.3
Long Blades    | 1 4 |  4.3

Action                     |  1- 3 |  4- 6 |  7- 9 || total
---------------------------+-------+-------+-------++-------
  Melee: Short sword       |    90 |   126 |    57 ||   273
         Tentacles         |    19 |    28 |    44 ||    91
         Constrict         |    17 |    23 |    50 ||    90
         Punch             |     2 |     2 |     3 ||     7
         Long sword        |       |       |   116 ||   116
  Throw: Dart              |       |       |     4 ||     4
 Invoke: Curse Item        |       |     2 |     1 ||     3
         Shatter the Chain |       |       |     1 ||     1
  Evoke: Wand              |       |     3 |    20 ||    23
    Use: Potion            |       |     4 |     2 ||     6
         Scroll            |       |     5 |     5 ||    10
   Stab: Sleeping          |     9 |    11 |     8 ||    28
 Armour: Skin              |     7 |     2 |     4 ||    13
  Dodge: Dodged            |    50 |    64 |   123 ||   237
